 Dungeon Crawl Stone Soup version 0.28.0 (webtiles) character file.

Game seed: 13490832467083822150

57 Kaptain the Digger (level 3, -8/32 HPs)
             Began as a Troll Earth Elementalist on Feb 17, 2022.
             Mangled by Crazy Yiuf (20 damage)
             ... on level 3 of the Dungeon.
             The game lasted 00:03:09 (1706 turns).

Kaptain the Digger (Troll Earth Elementalist)       Turns: 1706, Time: 00:03:09

Health: -8/32      AC:  5    Str: 16    XL:     3   Next: 73%
Magic:  9/13       EV: 10    Int: 13    God:
Gold:   82         SH:  0    Dex: 10    Spells: 4/5 levels left

rFire   . . .      SeeInvis .   (no weapon)
rCold   . . .      Faith    .   (no shield)
rNeg    . . .      Spirit   .   b - +0 robe
rPois   .          Reflect  .   g - +1 hat
rElec   .          Harm     .   (no cloak)
rCorr   .          Rampage  .   (gloves unavailable)
Will    .....                   (boots unavailable)
Stlth   +.........              (no amulet)
HPRegen 0.90/turn               e - ring of magical power
MPRegen 0.13/turn               (no ring)

@: invisible
A: large, unfitting armour, claws 3, regeneration 1, shaggy fur 1, tough skin 1
a: no special abilities


You were on level 3 of the Dungeon.
You visited 1 branch of the dungeon, and saw 3 of its levels.

You collected 82 gold pieces.

Inventory:

Missiles
 c - 118 stones
Armour
 a - an orb of light
 b - a +0 robe (worn)
 g - a +1 hat (worn)
Jewellery
 e - a ring of magical power (left claw)
 h - an amulet of regeneration
 n - an amulet of magic regeneration
Scrolls
 d - a scroll of identify
 k - a scroll of fog {unknown}
 l - a scroll of blinking {unknown}
 m - a scroll of immolation {unknown}
Potions
 f - 2 potions of curing
 i - a potion of degeneration {unknown}
 j - a potion of resistance {unknown}


   Skills:
 + Level 0.6 Fighting
 + Level 0.7 Armour
 + Level 1.9 Dodging
 - Level 1.0 Stealth
 * Level 1.7 Spellcasting
 - Level 0.6 Transmutations
 * Level 3.2 Earth Magic


You had 4 spell levels left.
You knew the following spells:

 Your Spells              Type           Power      Damage    Failure   Level
a - Sandblast             Erth           18%        2d7       7%          1

Your spell library contained the following spells:

 Spells                   Type           Power      Damage    Failure   Level
 Passwall                 Tmut/Erth      5%         N/A       19%         2
 Stone Arrow              Conj/Erth      10%        3d7       38%         3
 Petrify                  Tmut/Erth      6%         N/A       75%         4


Dungeon Overview and Level Annotations

Branches:
Dungeon (3/15)

Altars:

Annotations:
D:3 Crazy Yiuf


Innate Abilities, Weirdness & Mutations

You are too large for most types of armour.
You have claws for hands.
Your natural rate of healing is unusually fast.
You are covered in fur. (AC +1)
You have tough skin. (AC +1)


Message History

You feel better. Crazy Yiuf completely misses you.
You scratch Crazy Yiuf but do no damage.
Crazy Yiuf is heavily wounded.
Crazy Yiuf closely misses you.
Unknown command.
Casting: Sandblast (safe; 7% risk of failure)
Confirm with . or Enter, or press ? or * to list all spells.
Aiming: Sandblast (safe; 7% risk of failure)
Press: ? - help, Shift-Dir - straight line, f - Crazy Yiuf
Aim: Crazy Yiuf, wielding a +4 quarterstaff of chaos and wearing a +0 cloak (heavily wounded, 81% to hit)
The blast of sand hits Crazy Yiuf.
Crazy Yiuf is severely wounded.
Crazy Yiuf misses you.
Casting: Sandblast (safe; 7% risk of failure)
Confirm with . or Enter, or press ? or * to list all spells.
Aiming: Sandblast (safe; 7% risk of failure)
Press: ? - help, Shift-Dir - straight line, f/p - Crazy Yiuf
Aim: Crazy Yiuf, wielding a +4 quarterstaff of chaos and wearing a +0 cloak (severely wounded, 81% to hit)
The blast of sand hits Crazy Yiuf.
Crazy Yiuf is severely wounded.
Crazy Yiuf closely misses you.
Casting: Sandblast (safe; 7% risk of failure)
Confirm with . or Enter, or press ? or * to list all spells.
Aiming: Sandblast (safe; 7% risk of failure)
Press: ? - help, Shift-Dir - straight line, f/p - Crazy Yiuf
Aim: Crazy Yiuf, wielding a +4 quarterstaff of chaos and wearing a +0 cloak (severely wounded, 81% to hit)
The blast of sand hits Crazy Yiuf.
Crazy Yiuf is severely wounded.
Crazy Yiuf barely misses you.
Casting: Sandblast (safe; 7% risk of failure)
Confirm with . or Enter, or press ? or * to list all spells.
Aiming: Sandblast (safe; 7% risk of failure)
Press: ? - help, Shift-Dir - straight line, f/p - Crazy Yiuf
Aim: Crazy Yiuf, wielding a +4 quarterstaff of chaos and wearing a +0 cloak (severely wounded, 81% to hit)
The blast of sand hits Crazy Yiuf but does no damage.
Crazy Yiuf is severely wounded.
Crazy Yiuf hits you with a +4 quarterstaff of chaos!
You are electrocuted!!
Ouch! That really hurt!
You die...

###♣♣♣♣♣
##....♣.♣♣♣ ###
##......♣..♣#...#
#......♣♣♣♣@g...#
#.....♣♣ ♣♣#..)#
#.###♣♣ ### ####
#.# #... #.##
#... #..#### #...
#.....# #...
#.....# ###...
#.....# #.....


You could see Crazy Yiuf.

Vanquished Creatures
  Terence (D:2)
  A dart slug (D:1)
  An orc (D:2)
  A ball python (D:1)
  4 endoplasms
  A giant cockroach (D:3)
  2 goblins
  A hobgoblin (D:1)
  4 jackals (D:1)
  A quokka (D:2)
  2 bats (D:1)
  4 frilled lizards
  2 kobolds (D:1)
  2 rats
27 creatures vanquished.

Notes
Turn   | Place    | Note
-------+----------+-------------------------------------------
     0 | D:1      | Kaptain the Troll Earth Elementalist began the quest for
                  | the Orb.
     0 | D:1      | Reached XP level 1. HP: 16/16 MP: 1/1
    20 | D:1      | Found a faded altar of an unknown god.
   391 | D:1      | Reached XP level 2. HP: 24/24 MP: 3/3
   539 | D:1      | Reached skill level 3 in Earth Magic
  1235 | D:2      | Noticed Terence
  1251 | D:2      | Killed Terence
  1252 | D:2      | Reached XP level 3. HP: 30/32 MP: 4/4
  1694 | D:3      | Found a runed translucent door.
  1695 | D:3      | Noticed Crazy Yiuf
  1706 | D:3      | Mangled by Crazy Yiuf

Illustrated notes

Levels and vault maps discovered:
D:1:      lightli_arrival_lavapool, layout_basic, basic_ecumenical_altar
D:2:      layout_loops_corners, uniq_terence
D:3:      layout_rooms, uniq_sigmund, uniq_crazy_yiuf_cottage, uniq_natasha

Skill      XL: |  1  2 |
---------------+-------+-----
Earth Magic    | 3 |  3.2
Fighting       | |  0.6
Armour         | |  0.7
Dodging        | |  1.9
Stealth        | |  1.0
Spellcasting   | |  1.7
Transmutations | |  0.6

Action                   || total
-------------------------++-------
Melee: Unarmed           ||   101
       Punch             ||     1
 Cast: Sandblast         ||     7
  Use: Scroll            ||     2
       Potion            ||     1
 Stab: Sleeping          ||     4
Armor: Robe              ||    33
Dodge: Dodged            ||    47
